 Dungeon Crawl Stone Soup version 0.18-a0-183-gad09a0e (webtiles) character file.

476 McCoppin the Gouger (level 6, -3/25 HPs)
             Began as a Felid Transmuter on Nov 24, 2015.
             Slain by a water moccasin zombie (6 damage)
             ... on level 7 of the Dungeon.
             The game lasted 00:11:59 (3815 turns).

McCoppin the Gouger (Felid Transmuter)              Turns: 3815, Time: 00:11:59

Health: -3/25      AC:  3    Str:  6    XL:     6   Next: 84%
Magic:  10/10      EV: 18    Int: 15    God:
Gold:   116        SH:  0    Dex: 18    Spells: 2 memorised, 6 levels left
                                        Lives:  0   Deaths: 2

rFire  . . .     SeeInvis +       - Unarmed
rCold  . . .     Clarity  .     (armour unavailable)
rNeg   . . .     SustAt   .     (shield unavailable)
rPois  .         Gourm    .     (helmet unavailable)
rElec  .         Spirit   .     (cloak unavailable)
rCorr  .         Warding  .     (gloves unavailable)
rMut   .         Stasis   .     (boots unavailable)
MR     .....                    (no amulet)
Stlth  ++........               (no ring)
                                j - +1 ring of protection

@: quick, not resistant to hostile enchantments, unstealthy
A: no armour, no weapons or thrown items, claws 1, fangs 3, see invisible,
carnivore 3, speed 1, shaggy fur 2, slow metabolism 1, sharp paws
a: no special abilities


You were on level 7 of the Dungeon.
You were not hungry.

You visited 1 branch of the dungeon, and saw 9 of its levels.

You collected 146 gold pieces.
You spent 30 gold pieces at shops.

Inventory:

Missiles
 a - 61 arrows
 i - 8 poisoned arrows
Jewellery
 j - a +1 ring of protection (left paw)
Wands
 g - a wand of slowing (18)
Scrolls
 d - a scroll of remove curse
 e - 2 scrolls of teleportation
 l - a scroll of amnesia
 n - 2 scrolls of identify
Books
 b - a book of Changes

   Spells                             Type                      Level
   a - Beastly Appendage              Transmutation                1
   b - Sticks to Snakes               Transmutation                2
   c - Spider Form                    Transmutation/Poison         3
   d - Ice Form                       Ice/Transmutation            4
   e - Blade Hands                    Transmutation                5
Comestibles
 c - a meat ration
 f - 3 chunks of flesh
 h - a beef jerky
 k - 2 slices of pizza
 m - a royal jelly


   Skills:
 - Level 1.0 Fighting
 - Level 2.6 Dodging
 + Level 8.3 Unarmed Combat
 - Level 2.0 Spellcasting
 + Level 5.9 Transmutations


You had 6 spell levels left.
You knew the following spells:

 Your Spells              Type           Power        Failure   Level  Hunger
a - Beastly Appendage     Trmt           ###...       1%          1    #......
b - Sticks to Snakes      Trmt           ###.......   3%          2    ###....


Dungeon Overview and Level Annotations

Branches:
Dungeon (9/15)               Lair (0/8) D:9
 Temple: D:4-7          Orc: D:9-12

Altars:
Kikubaaqudgha
Nemelex Xobeh
Xom
Zin

Shops:
D:6 =


Innate Abilities, Weirdness & Mutations

You cannot wear armour.
You are incapable of wielding weapons or throwing items.
You have sharp claws.
You have razor-sharp teeth.
You have supernaturally acute eyesight.
You are carnivorous and can eat meat at any time.
You cover ground quickly.
You are covered in thick fur (AC +2).
You have a slow metabolism.
Your sharp claws are effective at attacking unaware monsters.


Message History

Found a plate armour.
You scratch the water moccasin zombie. The water moccasin zombie bites you.
You scratch the water moccasin zombie.
Your headbutt misses the water moccasin zombie.
The water moccasin zombie misses you.
You barely miss the water moccasin zombie.
Your headbutt misses the water moccasin zombie.
The water moccasin zombie misses you.
You claw the water moccasin zombie! The water moccasin zombie bites you.
You are too injured to fight recklessly!
You are too injured to fight recklessly!
You are too injured to fight recklessly!
You are too injured to fight recklessly!
You claw the water moccasin zombie! You headbutt the water moccasin zombie.
The water moccasin zombie bites you.
* * * LOW HITPOINT WARNING * * *
You scratch the water moccasin zombie.
Your horns disappear.
The water moccasin zombie bites you.
You die...

.....[ #.....
###.... ..#...
#.#.. #.#.#
#Z#.####### #
#.@........
#.#####.####...
...............
####...รท.......
...............
###..##'####...
#..##.####...
#............
#..##.#######


You could see a water moccasin zombie.

Vanquished Creatures
  Sigmund (D:6)
  A wolf (D:8)
  A necrophage (D:9)
  A phantom (D:5)
  An ogre (D:4)
  2 giant frogs
  A water moccasin skeleton (D:9)
  A crimson imp (D:5)
  A centaur zombie (D:7)
  An orc wizard (D:5)
  3 hounds
  An iguana (D:5)
  A worker ant zombie (D:4)
  A gnoll (D:9)
  2 adders
  3 adder skeletons
  An adder zombie (D:5)
  2 giant geckos
  7 orcs
  3 ball pythons (D:1)
  A hobgoblin (D:1)
  3 jackals (D:9)
  2 kobolds (D:1)
  A bat (D:1)
  6 giant newts
48 creatures vanquished.

Vanquished Creatures (collateral kills)
  A killer bee zombie (D:5)
1 creature vanquished.

Grand Total: 49 creatures vanquished

Notes
Turn   | Place    | Note
--------------------------------------------------------------
     0 | D:1      | McCoppin the Felid Transmuter began the quest for the Orb.
     0 | D:1      | Reached XP level 1. HP: 9/9 MP: 4/4
   373 | D:1      | Reached XP level 2. HP: 6/12 MP: 6/6
   731 | D:4      | Found a sparkling altar of Nemelex Xobeh.
   781 | D:4      | Noticed an ogre
   794 | D:4      | Killed an ogre
   794 | D:4      | Reached skill level 5 in Unarmed Combat
   794 | D:4      | Reached XP level 3. HP: 15/15 MP: 5/7
   794 | D:4      | Reached XP level 4. HP: 19/19 MP: 5/8
   996 | D:4      | Reached XP level 5. HP: 22/22 MP: 7/9
  1011 | D:4      | Reached skill level 6 in Unarmed Combat
  1066 | D:5      | Entered Level 5 of the Dungeon
  1352 | D:5      | Found an ancient bone altar of Kikubaaqudgha.
  1362 | D:5      | Learned a level 2 spell: Sticks to Snakes
  1411 | D:5      | Slain by a killer bee zombie
  1412 | D:5      | Reached XP level 4. HP: -5/19 MP: 8/8
  1486 | D:5      | Reached XP level 5. HP: 6/22 MP: 6/9
  2109 | D:5      | Noticed a phantom
  2152 | D:5      | Killed a phantom
  2152 | D:5      | Gained mutation: You are covered in thick fur (AC +2). [Felid growth]
  2152 | D:5      | Reached XP level 6. HP: 6/25 MP: 1/10
  2566 | D:6      | Noticed Sigmund
  2574 | D:6      | Killed Sigmund
  2574 | D:6      | Reached skill level 7 in Unarmed Combat
  2596 | D:6      | Found a shimmering altar of Xom.
  2596 | D:6      | Noticed an angel
  2607 | D:6      | Found a glowing silver altar of Zin.
  2617 | D:6      | Found Voklarig's Jewellery Shop.
  2620 | D:6      | Bought a +1 ring of protection for 30 gold pieces
  2816 | D:6      | You fall through a shaft for 3 floors!
  2874 | D:9      | Reached XP level 7. HP: 22/28 MP: 7/11
  2988 | D:9      | Reached skill level 5 in Transmutations
  3172 | D:9      | Found a staircase to the Lair.
  3172 | D:9      | Noticed a yak
  3176 | D:9      | Noticed a blink frog
  3334 | D:8      | Reached skill level 8 in Unarmed Combat
  3359 | D:8      | Noticed a death yak
  3792 | D:7      | Slain by a giant frog
  3793 | D:7      | Reached XP level 6. HP: -1/22 MP: 3/10
  3815 | D:7      | Slain by a water moccasin zombie

Vault maps used:
D:1:      lemuel_arrival_river_ford
D:2:      nicolae_dithmenos_through_a_glass_darkly
D:3:      first_bread
D:4:      lemuel_coloured_pillars_altar
D:5:      old_standard_altar, kennysheep_big_empty_room
D:6:      kennysheep_little_box, fedhas_bush_and_centaur_altar,
          grunt_temple_overflow_order_and_chaos_1,
          minmay_temple_entry_large_hall, serial_shops, kennysheep_mini,
          uniq_sigmund
D:7:      cheibrodos_worm_habitat, corexii_checkpoint_a, uniq_menkaure
D:8:      minitemple, serial_ice, serial_ice_i, serial_ice_h, serial_ice_o,
          serial_ice_e, serial_ice_b, serial_ice_a, serial_ice_f, serial_ice_g,
          serial_ice_d, serial_ice_m
D:9:      dpeg_lair_monsters, serial_shops, shop, serial_column_ruins,
          column_ruins_hut, column_ruins_open_small_water,
          column_ruins_columns_straight, column_ruins_columns_straight,
          column_ruins_open_tiny, column_ruins_columns_corner,
          column_ruins_corridor_straight, the_bakery, tso_metal_star,
          uniq_joseph

Action                   |  1- 3 |  4- 6 |  7- 9 || total
-------------------------+-------+-------+-------++-------
Melee: Unarmed           |    52 |   107 |    29 ||   188
 Cast: Beastly Appendage |     1 |    13 |     7 ||    21
       Sticks to Snakes  |       |    13 |     5 ||    18
  Use: Potion            |     2 |     4 |       ||     6
       Scroll            |       |     3 |     1 ||     4
 Stab: Sleeping          |       |       |     1 ||     1
  Eat: Chunk             |     7 |     5 |     7 ||    19
